 Dungeon Crawl Stone Soup version 0.27-a0-972-gd1521fd518 (webtiles) character file.

Game seed: 13829928141946285186

330 Alarkh the Insei (level 6, -1/47 HPs)
             Began as a Demonspawn Transmuter on Apr 13, 2021.
             Was a Follower of Cheibriados.
             Slain by a lemure (7 damage)
             ... led by Pikel
             ... on level 4 of the Dungeon.
             The game lasted 00:05:13 (4215 turns).

Alarkh the Insei (Demonspawn Transmuter)            Turns: 4215, Time: 00:05:14

Health: -1/47      AC:  2    Str: 12    XL:     6   Next: 26%
Magic:  4/10       EV: 19    Int: 18    God:    Cheibriados [*.....]
Gold:   124        SH:  0    Dex: 19    Spells: 1/11 levels left

rFire    . . .     SeeInvis .     - Unarmed
rCold    . . .     Faith    .   (shield currently unavailable)
rNeg     . . .     Spirit   .   (armour currently unavailable)
rPois    x         Reflect  .   (helmet currently unavailable)
rElec    .         Harm     .   (cloak currently unavailable)
rCorr    +         Rampage  .   (gloves currently unavailable)
Will     +....                  (boots currently unavailable)
Stlth    ++........             (no amulet)
HPRegen  0.15/turn              d - ring of willpower
MPRegen  0.12/turn              e - ring of resist corrosion

@: spider-form (expiring), very slow
A: venomous fangs, tiny, (claws 2), rugged brown scales 1, clumsy 1
a: End Transformation, Renounce Religion, Bend Time


You were on level 4 of the Dungeon.
You worshipped Cheibriados.
Cheibriados was aware of your devotion.
You were a venomous arachnid creature.
You visited 2 branches of the dungeon, and saw 6 of its levels.

You collected 179 gold pieces.
You spent 55 gold pieces at shops.

Inventory:

Armour
 a - a +0 robe (melded)
Jewellery
 d - a ring of willpower (left front leg)
 e - a ring of resist corrosion (right front leg)
Scrolls
 c - a scroll of noise {unknown}
 f - a scroll of enchant weapon {unknown}
 i - a scroll of enchant armour {unknown}
 j - a scroll of fear
 k - 2 scrolls of teleportation {unknown}
 l - a scroll of brand weapon {unknown}
 m - 2 scrolls of vulnerability {unknown}
 r - a scroll of identify
Potions
 b - a potion of attraction
 g - a potion of resistance
 h - 3 potions of heal wounds


   Skills:
 + Level 2.8 Fighting
 - Level 1.7 Dodging
 * Level 4.5 Unarmed Combat
 + Level 3.2 Spellcasting
 + Level 3.0 Transmutations


You had one spell level left.
You knew the following spells:

 Your Spells              Type           Power      Damage    Failure   Level
a - Beastly Appendage     Tmut           28%        N/A       14%         1
b - Wereblood             Tmut           14%        N/A       19%         2
c - Spider Form           Tmut/Pois      4%         N/A       47%         3
d - Ice Form              Ice/Tmut       8%         N/A       82%         4

Your spell library contained the following spells:

 Spells                   Type           Power      Damage    Failure   Level
 Hydra Form               Tmut           7%         N/A       90%         5


Dungeon Overview and Level Annotations

Branches:
Dungeon (5/15)             Temple (1/1) D:4

Altars:
Ashenzari
Cheibriados
Elyvilon
Fedhas
Gozag
Hepliaklqana
Makhleb
Nemelex Xobeh
Okawaru
Qazlal
Ru
Trog
Xom
Yredelemnul
Zin

Shops:
D:1 [   D:3 !

Annotations:
D:3 Grinder
D:5 Pikel


Innate Abilities, Weirdness & Mutations

You are a venomous arachnid creature.
You have poisonous fangs.
You are tiny and dextrous.
Your spellcasting is less reliable in this form.
Your armour is entirely melded.
You are incapable of wielding weapons or throwing items.
((You have very sharp fingernails.))
(You are partially covered in rugged brown scales. (AC +1, +3% HP))
You are clumsy. (Dex -2)


Message History

The lemure is heavily wounded.
You feel sick.
You are no longer poisoned.
The lemure closely misses you. The lemure hits you.
* * * LOW HITPOINT WARNING * * *
The lemure hits you.
* * * LOW HITPOINT WARNING * * *
The lemure hits you but does no damage.
Casting: Spider Form (dangerous; 26% risk of failure)
Confirm with . or Enter, or press ? or * to list all spells.
You turn into a venomous arachnid creature.
Your +0 robe melds into your body.
Your transformation is almost over.
The lemure completely misses you.
You hit the lemure.
The lemure is severely wounded.
You hit the lemure but do no damage.
The lemure is severely wounded.
The lemure completely misses you.
Your magical contamination has completely faded away.
You barely miss the lemure.
The lemure is severely wounded.
The lemure closely misses you.
You hit the lemure but do no damage.
The lemure is poisoned.
The lemure is heavily wounded.
The lemure completely misses you.
You barely miss the lemure.
The lemure is heavily wounded.
The lemure misses you.
You hit the lemure but do no damage.
The lemure is severely wounded.
The lemure closely misses you.
You hit the lemure.
The lemure looks even sicker.
The lemure is severely wounded.
The lemure completely misses you.
You hit the lemure.
The lemure looks as sick as possible!
The lemure is almost dead.
The lemure hits you!
You die...

##.# ##.....#.........
##..# ##.......###.##..#
##...####.(....<..##.#....
#>..)...'.........'.......
##...####.........####...#
##>.# ##...)...## ##.##
#####.# ##...)[## ####
#.....#######.))## #
#.####...5s....## # #.#
#.######..######### # #.#
#.# #..##......# #
#.####.#### #..##.####.# #
#.........###...#.# ##.####
######.##.##......###......
#.#>..##...#.##...####
#.#.#.##..##.##...#
#........###.##...#


You could see a lemure (extremely poisoned).

Vanquished Creatures
  An ogre (D:4)
  A hound (D:2)
  An orc priest (D:4)
  An orc wizard (D:4)
  Robin (D:4)
  3 gnolls (D:4)
  3 adders
  A worm (D:3)
  2 dart slugs
  6 orcs
  5 bats
  6 endoplasms
  3 giant cockroaches (D:2)
  12 goblins
  12 hobgoblins
  10 jackals
  4 quokkas
  4 ball pythons
  3 frilled lizards
  6 kobolds
  5 rats
90 creatures vanquished.

Notes
Turn   | Place    | Note
-------+----------+-------------------------------------------
     0 | D:1      | Alarkh the Demonspawn Transmuter began the quest for the
                  | Orb.
     0 | D:1      | Reached XP level 1. HP: 15/15 MP: 3/3
   207 | D:1      | Found Susit's Antique Armour Boutique.
   348 | D:1      | Gained mutation: You have sharp fingernails. [demonic
                  | ancestry]
   348 | D:1      | Reached XP level 2. HP: 11/21 MP: 3/5
   420 | D:1      | Reached skill level 3 in Unarmed Combat
   582 | D:1      | Found a faded altar of an unknown god.
  1097 | D:2      | Gained mutation: You have very sharp fingernails. [demonic
                  | ancestry]
  1097 | D:2      | Reached XP level 3. HP: 20/26 MP: 4/6
  1119 | D:2      | Found a blossoming altar of Fedhas.
  1498 | D:2      | Gained mutation: You are partially covered in rugged brown
                  | scales. (AC +1, +3% HP) [demonic ancestry]
  1498 | D:2      | Reached XP level 4. HP: 3/33 MP: 5/7
  1502 | D:2      | Learned a level 3 spell: Spider Form
  1507 | D:2      | Learned a level 4 spell: Ice Form
  2185 | D:3      | Found Hafimi's Distillery.
  2191 | D:3      | Bought a potion of heal wounds for 55 gold pieces
  2490 | D:3      | Noticed Grinder
  2642 | D:4      | Noticed an ogre
  2658 | D:4      | Killed an ogre
  2659 | D:4      | Reached skill level 4 in Unarmed Combat
  2659 | D:4      | Reached XP level 5. HP: 26/40 MP: 5/9
  2839 | D:4      | Gained mutation: You are clumsy. (Dex -2) [mutagenic glow]
  2997 | D:4      | Found a staircase to the Ecumenical Temple.
  3014 | Temple   | Entered the Ecumenical Temple
  3122 | Temple   | Became a worshipper of Cheibriados the Contemplative
  3210 | D:4      | Noticed Robin
  3221 | D:4      | Killed Robin
  3222 | D:4      | Reached XP level 6. HP: 31/47 MP: 5/10
  3826 | D:4      | Learned a level 2 spell: Wereblood
  3888 | D:4      | Reached * piety under Cheibriados
  4189 | D:5      | Entered Level 5 of the Dungeon
  4191 | D:5      | Noticed Pikel
  4215 | D:4      | Slain by a lemure

Illustrated notes

Levels and vault maps discovered:
D:1:      kilobyte_arrival_exit_the_forest, layout_basic,
          chequers_ecumenical_altar_simple_redux, serial_shops, shop
D:2:      layout_loops_ring, basic_altar, serial_aquarium,
          aquarium_bridge_island_small [aquarium_subvault_small_open,
          aquarium_subvault_bridge, aquarium_subvault_bridge,
          aquarium_subvault_window, aquarium_subvault_wall],
          aquarium_bridge_square [aquarium_subvault_bridge,
          aquarium_subvault_balcony, aquarium_subvault_window,
          aquarium_subvault_balcony], aquarium_window_3, aquarium_window_double,
          aquarium_view_2b, aquarium_balcony_1b, grunt_ministairs_12
D:3:      layout_rooms, serial_shops, nicolae_shop_competitors_out_of_business,
          uniq_grinder
D:4:      layout_loops_corners, minmay_temple_entry_arrows, uniq_robin
D:5:      layout_loops_ring, uniq_pikel
Temple:   regret_index_temple_waves

Skill      XL: |  1  2  3  4  5  6 |
---------------+-------------------+-----
Unarmed Combat | 3 4 |  4.5
Transmutations | 2 3 |  3.0
Fighting       | 2 |  2.8
Spellcasting   | 3 |  3.2
Dodging        | |  1.7

Action                   |  1- 3 |  4- 6 || total
-------------------------+-------+-------++-------
Melee: Unarmed           |    88 |   166 ||   254
       Kick              |    14 |     8 ||    22
       Headbutt          |     9 |     7 ||    16
       Punch             |       |     1 ||     1
 Cast: Beastly Appendage |    20 |    13 ||    33
       Spider Form       |       |     3 ||     3
       Ice Form          |       |     2 ||     2
  Use: Potion            |       |     2 ||     2
       Scroll            |       |     2 ||     2
Armor: Robe              |    11 |    31 ||    42
       Skin              |       |     8 ||     8
Dodge: Dodged            |    37 |   105 ||   142

Table legend: (Time is in decaauts)
 A = Elapsed time spent in this place.
 B = Non-inter-level travel time spent in this place.
 C = Inter-level travel time spent in this place.
 D = Time resting spent in this place.
 E = Time spent auto-exploring this place.
 F = Levels seen in this place.
 G = Mean time per level.
                   A        B        C        D        E       F      G
               +--------+--------+--------+--------+--------+-----+--------+
         Total |   4406 |   4243 |    163 |     96 |   3467 |   6 |  734.3 |
       Dungeon |   4273 |   4136 |    137 |     96 |   3362 |   5 |  854.6 |
        Temple |    132 |    107 |     25 |      0 |    105 |   1 |  132.0 |
               +--------+--------+--------+--------+--------+-----+--------+

Top non-repeatable levels by time:
     D:4: 1653 daAuts
     D:2: 1253 daAuts
     D:1: 927 daAuts
     D:3: 433 daAuts
  Temple: 132 daAuts
     D:5: 6 daAuts
